[Event "Early-Titled-Tuesday-Blitz-February-13-2024"]
[Site "Chess.com"]
[Date "2024.02.13"]
[Round "7"]
[White "bancsoo"]
[Black "FREDERICKtheMATE"]
[Result "0-1"]
[WhiteElo "2897"]
[BlackElo "2681"]
[TimeControl "180+1"]
[EndTime "9:20:07 PST"]
[Termination "FREDERICKtheMATE won by resignation"]

1. Nf3 c5 2. c4 g6 3. d4 cxd4 4. Nxd4 Nc6 5. e4 Bg7 6. Be3 Nf6 7. Nc3 O-O 8. Be2 d6 9. O-O a5 10. f3 Bd7 11. Qd2 a4 12. Ndb5 Qa5 13. Rfd1 Rfc8 14. Rac1 Qd8 15. Nd5 Nxd5 16. cxd5 Ne5 17. Rxc8 Rxc8 18. b3 axb3 19. axb3 f5 20. exf5 gxf5 21.
Nd4 Ng6 22. Bd3 Qf8 23. Bb1 Rc5 24. Ne2 Rc8 25. Bd4 Bxd4+ 26. Nxd4 Qf6 27. f4 Rc5 28. b4 Rc8 29. g3 Ba4 30. Re1 Bd7 31. Qd3 Rf8 32. Qe3 Rc8 33. Nf3 Qc3 34. Qxc3 Rxc3 35. Nd4 Rc4 36. Nxf5 Rxb4 37. Nxe7+ Nxe7 38. Rxe7 Rxb1+ 39. Kg2 Bf5 40. Kf3 b5 41. Rb7 b4 42. Rb6 b3 43. g4 Bc2 44. Kg3 Rg1+ 45. Kh4 Rd1 46. Kg5 Kf7 47. Rb7+ Ke8 48. Kf6 Kd8 49. Ke6 Kc8 50.
Rb4 Kc7 51. f5 Re1+ 52. Kf6 Re5 53. Kg7 Re4 54. Rb5 Rxg4+ 0-1

[Event "Early-Titled-Tuesday-Blitz-February-13-2024"]
[Site "Chess.com"]
[Date "2024.02.13"]
[Round "7"]
[White "PolandHussars"]
[Black "Maitreia"]
[Result "1-0"]
[WhiteElo "2606"]
[BlackElo "2750"]
[TimeControl "180+1"]
[EndTime "9:20:07 PST"]
[Termination "PolandHussars won on time"]

1. e4 c5 2. Ne2 g6 3. g3 Bg7 4. Bg2 Nc6 5. c3 Nf6 6. d4 cxd4 7. cxd4 d6 8. Nbc3 O-O 9. O-O Bg4 10. f3 Bd7 11.
Be3 Qa5 12. Qd2 Rfc8 13. h3 b5 14. b3 b4 15. Nd1 Qb5 16. Nb2 a5 17. f4 d5 18. e5 Ne4 19. Bxe4 dxe4 20. g4 e6 21. Nc4 Bf8 22. Ng3 Ne7 23. Nd6 Qd5 24. Nxc8 Rxc8 25. Rac1 Nc6 26. f5 exf5 27. gxf5 Ne7 28. Rxc8 Bxc8 29.
f6 Nf5 30. Nxf5 Bxf5 31. Kh2 Be6 32. Bh6 Qb5 33. Rf2 Qd5 34. Bxf8 Kxf8 35. Qe3 Ke8 36. Rc2 a4 37. Rc5 Qa8 38. d5 Bxd5 39. Qd4 axb3 40. Rxd5 bxa2 41. Qxb4 Qa7 42. Qb5+ 1-0

[Event "Early-Titled-Tuesday-Blitz-February-13-2024"]
[Site "Chess.com"]
[Date "2024.02.13"]
[Round "7"]
[White "ccccvhhhj"]
[Black "Mikasinski"]
[Result "1-0"]
[WhiteElo "2500"]
[BlackElo "2637"]
[TimeControl "180+1"]
[EndTime "9:20:07 PST"]
[Termination "ccccvhhhj won by checkmate"]

1. d4 Nf6 2. Bg5 d5 3. Bxf6 gxf6 4. Nc3 c6 5. e3 e5 6. Nf3 Bd6 7. Be2 Qe7 8. Qd2 Bf5 9. O-O-O Nd7 10. h3 O-O-O 11. g4 Be6 12. Kb1 Kb8 13. e4 exd4 14. Nxd4 dxe4 15. Nxe4 Bxa2+ 16. Kxa2 Qxe4 17. Bf3 Qf4 18. Nxc6+ bxc6 19. Qxd6+ Qxd6 20. Rxd6 Ne5 21. Rxf6 Kc7 22.
Re1 Rhe8 23. Be4 Rd2 24. Bxh7 Nxg4 25. Rxf7+ Kd8 26. Rg1 Rxf2 27. Rxa7 Nf6 28. Rgg7 Rh8 29. Ra8# 1-0

[Event "Early-Titled-Tuesday-Blitz-February-13-2024"]
[Site "Chess.com"]
[Date "2024.02.13"]
[Round "7"]
[White "margarita_2703"]
[Black "FMStan15"]
[Result "1-0"]
[WhiteElo "2367"]
[BlackElo "2032"]
[TimeControl "180+1"]
[EndTime "9:20:08 PST"]
[Termination "margarita_2703 won on time"]

1. e4 e6 2. d4 d5 3. e5 c5 4. c3 Nc6 5. Nf3 Qb6 6. Na3 cxd4 7. cxd4 Bxa3 8. bxa3 Qa5+ 9. Qd2 Qxd2+ 10. Bxd2 Nge7 11. Bd3 Nf5 12. Bc3 h5 13. Kd2 Bd7 14. Rab1 b6 15.
Rhc1 O-O 16. h3 Rac8 17. g4 hxg4 18. hxg4 Nh6 19. Rg1 Ne7 20. Bb4 Rfe8 21. Nh2 Ng6 22. Ke3 Ne7 23. Rbc1 Rxc1 24. Rxc1 Rc8 25. Rxc8+ Nxc8 26.
f4 f6 27. g5 fxg5 28. fxg5 Nf5+ 29. Bxf5 exf5 30. Kf4 g6 31. Bd6 Kf7 32. Nf3 Nxd6 33. exd6 Ke6 34. Ne5 Be8 35. d7 Bxd7 36. Nxg6 Be8 37.
Nh4 Ba4 38. Nxf5 Bc2 39. Ng7+ Kf7 40. Nf5 Bb1 41. Nd6+ Ke6 42. Nb5 1-0

[Event "Early-Titled-Tuesday-Blitz-February-13-2024"]
[Site "Chess.com"]
[Date "2024.02.13"]
[Round "7"]
[White "Leonid_Starozhilov"]
[Black "Nouali_Mohamed"]
[Result "0-1"]
[WhiteElo "2722"]
[BlackElo "2569"]
[TimeControl "180+1"]
[EndTime "9:20:09 PST"]
[Termination "Nouali_Mohamed won on time"]

1. e4 c5 2. Nf3 Nc6 3. Bb5 Qc7 4. Nc3 e6 5. O-O a6 6. Bxc6 Qxc6 7. d4 cxd4 8. Nxd4 Qc7 9. Re1 h5 10. Bg5 Nf6 11. Nd5 exd5 12. exd5+ Kd8 13. Qf3 Qb6 14. Rad1 Bc5 15. Nf5 Kc7 16. b4 Qxb4 17. Bf4+ d6 18. c3 Qb6 19. Re7+ Kb8 20. Nxg7 Bg4 21. Qd3 Bxf2+ 22. Kh1 Bxd1 23. Qxd1 Ng4 24. h3 Bc5 25. Qf3 Qb1+ 0-1

[Event "Early-Titled-Tuesday-Blitz-February-13-2024"]
[Site "Chess.com"]
[Date "2024.02.13"]
[Round "7"]
[White "Al_Shima"]
[Black "Chess_Gainz"]
[Result "0-1"]
[WhiteElo "2368"]
[BlackElo "2545"]
[TimeControl "180+1"]
[EndTime "9:20:11 PST"]
[Termination "Chess_Gainz won on time"]

1. e4 d6 2. Nc3 Nf6 3. d4 Nbd7 4. Nf3 e5 5. Bc4 Be7 6. O-O c6 7. Re1 b5 8. Bb3 O-O 9. h3 Bb7 10. a3 Qc7 11. Be3 h6 12. Nh4 Rfe8 13. Nf5 Bf8 14. Qf3 exd4 15. Bxd4 c5 16. Bxf6 Nxf6 17.
Nxh6+ gxh6 18. Qxf6 c4 19. Nxb5 Qc5 20. Re3 Re5 21.
h4 Bg7 22. Rg3 Rg5 23. Qf3 Rxg3 24. Qxg3 Qxb5 25. Ba2 Qxb2 26. Rb1 Qxa2 27. Rxb7 Qa1+ 28. Kh2 Qe5 29. f4 Qxe4 30. Rd7 d5 31. Rd6 Kh7 32. Qg4 Rb8 33. Rd7 Qe6 0-1

[Event "Early-Titled-Tuesday-Blitz-February-13-2024"]
[Site "Chess.com"]
[Date "2024.02.13"]
[Round "7"]
[White "NowInChess"]
[Black "Chandradi"]
[Result "0-1"]
[WhiteElo "2325"]
[BlackElo "2517"]
[TimeControl "180+1"]
[EndTime "9:20:12 PST"]
[Termination "Chandradi won on time"]

1. e4 c5 2. d3 Nc6 3. g3 g6 4. Bg2 Bg7 5. f4 d6 6. Nf3 Nf6 7. O-O O-O 8. Nc3 Rb8 9. a4 a6 10.
h3 b5 11. axb5 axb5 12. g4 b4 13. Ne2 b3 14. c3 c4 15. dxc4 Nxe4 16. Nh4 Qb6+ 17.
Kh2 Nf6 18. Qd3 Nd7 19. Be3 Nc5 20. Qd2 Ba6 21. Nd4 Na5 22. Rxa5 Qxa5 23. Nc6 Qa4 24. Nxb8 Rxb8 25. Qe2 Bxc4 26. Qf2 Bxf1 27. Bxf1 Qa1 28. Bc4 Na4 29. Ng2 Qxb2 30. Qf3 Qxc3 31. Qd5 e6 32.
Qxd6 Rf8 33. Bb5 b2 34. Qd1 Nc5 35. f5 Be5+ 36. Kh1 Rb8 37. fxe6 fxe6 38. Bd7 b1=Q 39.
Bxe6+ Nxe6 0-1

[Event "Early-Titled-Tuesday-Blitz-February-13-2024"]
[Site "Chess.com"]
[Date "2024.02.13"]
[Round "7"]
[White "ChessFanNM"]
[Black "OrtizAnahi2001"]
[Result "1-0"]
[WhiteElo "2325"]
[BlackElo "2556"]
[TimeControl "180+1"]
[EndTime "9:20:12 PST"]
[Termination "ChessFanNM won by resignation"]

1. e4 e5 2. Nf3 d6 3. Nc3 Nf6 4. a3 g6 5. d3 Bg7 6. h3 O-O 7. Bg5 c6 8. Qd2 Re8 9. Bh6 Bh8 10. g4 d5 11. O-O-O d4 12. Ne2 b5 13. Ng5 a5 14.
b3 Qe7 15. Kb2 a4 16. b4 c5 17. f4 Nc6 18. fxe5 Nxe5 19. bxc5 b4 20. axb4 Nxe4 21. Nxe4 Nc4+ 22. dxc4 Qxe4 23. Ng3 d3+ 24. Ka3 Qe5 25. cxd3 Qxg3 26. Bg2 Rb8 27. Bc6 Rd8 28. Bd5 Rxd5 29. cxd5 Qf3 30. Qe3 Qxe3 31. Bxe3 Bc3 32. Rb1 Ba6 33.
b5 Bxb5 34. Rhc1 Be5 35. d4 Bg3 36. d6 Rb7 37. Rc2 Kf8 38. Rcb2 1-0

[Event "Early-Titled-Tuesday-Blitz-February-13-2024"]
[Site "Chess.com"]
[Date "2024.02.13"]
[Round "7"]
[White "m_ezat"]
[Black "santosalberto1987"]
[Result "0-1"]
[WhiteElo "2444"]
[BlackElo "2576"]
[TimeControl "180+1"]
[EndTime "9:20:14 PST"]
[Termination "santosalberto1987 won on time"]

1. d4 Nf6 2. c4 d6 3. Nc3 e5 4. Nf3 e4 5. Ng5 Bf5 6. g4 Nxg4 7. Ngxe4 Nc6 8. Bg2 Be7 9. h3 Nf6 10. Ng3 Bg6 11. d5 Nb8 12. Qb3 b6 13. Qa4+ Qd7 14.
Qxd7+ Nbxd7 15. Nb5 Kd8 16. Nd4 Nc5 17. b4 Nce4 18.
Nxe4 Bxe4 19. f3 Bg6 20. e4 a5 21. bxa5 bxa5 22. c5 dxc5 23. Nc6+ Kd7 24. Ba3 Nh5 25. Nxe7 Kxe7 26. Bxc5+ Kd7 27. Be3 f5 28. O-O Rhe8 29. f4 fxe4 30. f5 Bf7 31. Rfc1 Bxd5 32. Rab1 Nf6 33. Rb5 Reb8 34. Rbc5 c6 35. Bg5 Rb2 36. Rd1 Ke7 37. Bxe4 Bxe4 38. Re5+ Kf7 39. Bxf6 Bf3 40. Rd7+ Kxf6 41. Re6+ Kxf5 42. Re3 Bd5 43. Rd6 Rxa2 0-1

[Event "Early-Titled-Tuesday-Blitz-February-13-2024"]
[Site "Chess.com"]
[Date "2024.02.13"]
[Round "7"]
[White "MaxLeto"]
[Black "CMmauricio"]
[Result "1-0"]
[WhiteElo "2528"]
[BlackElo "2803"]
[TimeControl "180+1"]
[EndTime "9:20:15 PST"]
[Termination "MaxLeto won by resignation"]

1. e4 e6 2. d4 d5 3. Nc3 Bb4 4. exd5 exd5 5. Bd3 Ne7 6. Qf3 Nd7 7. Ne2 c6 8. O-O Ng6 9. Ng3 O-O 10. Nf5 Re8 11. Bd2 Nf6 12. Rae1 Rxe1 13. Rxe1 Bxf5 14. Qxf5 Qd7 15. Qf3 Re8 16. g3 Rxe1+ 17. Bxe1 Ba5 18. h4 Nf8 19. Bd2 Ne6 20. Be3 Bb6 21. Ne2 Qe7 22.
c3 a6 23. Nf4 Nxf4 24. Bxf4 Ne4 25. Be5 f6 26. Bf4 Qe6 27. Qh5 Bd8 28. Qe2 g5 29. hxg5 fxg5 30. Be5 Qf5 31. f3 Bb6 32. Kg2 g4 33. fxe4 Qh5 34. exd5 cxd5 35. Bf4 Qf7 36. Qe5 Bd8 37. Bf5 Kf8 38. Be6 Qe7 39. Qf5+ Ke8 40.
Be5 h5 41. Bxd5 Bc7 42. Qg6+ Kd8 43. Bf6 Bd6 44. Bxe7+ Bxe7 45. Qxh5 1-0

[Event "Early-Titled-Tuesday-Blitz-February-13-2024"]
[Site "Chess.com"]
[Date "2024.02.13"]
[Round "7"]
[White "Fernando_Offermann"]
[Black "Iuckyducky"]
[Result "0-1"]
[WhiteElo "2486"]
[BlackElo "2301"]
[TimeControl "180+1"]
[EndTime "9:20:15 PST"]
[Termination "Iuckyducky won by resignation"]

1. Nf3 d5 2. g3 Nf6 3. Bg2 e6 4.
O-O Be7 5. d3 O-O 6. Nbd2 c5 7.
e4 Nc6 8. e5 Nd7 9. Re1 b5 10.
a4 Rb8 11. axb5 Rxb5 12. Nf1 a5 13. h4 Ba6 14. h5 Qc7 15. h6 Ndxe5 16. Nxe5 Nxe5 17.
hxg7 Kxg7 18. Bf4 Bd6 19. Qh5 Ng6 20. Bh6+ Kg8 21. Bxf8 Bxf8 22. b3 c4 23. Ne3 d4 24.
Qxb5 Bxb5 25. Nxc4 Bxc4 26. bxc4 Bb4 27. Reb1 Qe5 28.
Kf1 Ne7 29. Rb3 Nf5 30. Be4 Nh6 31. Kg2 Kg7 32. Rh1 f5 33. Bf3 Ng4 34. Rbb1 Qf6 35. Rh4 Ne5 36. Be2 Ng6 37. Rh5 f4 38. Rbh1 Nf8 39.
Bf3 fxg3 40. fxg3 a4 41. Be4 h6 42. Rf1 Qe7 43. Rb5 Qd6 44. Rb7+ Kg8 45. Rff7 a3 46.
Rg7+ Kh8 47. Bh7 Nxh7 48. Rxh7+ Kg8 49. Rhd7 Qc6+ 50. Kh3 Qh1+ 51. Kg4 Qd1+ 52. Kh4 Qh1+ 53. Kg4 Qd1+ 54. Kf4 Bf8 55. Ra7 Qxc2 56. Rxa3 Bxa3 0-1

[Event "Early-Titled-Tuesday-Blitz-February-13-2024"]
[Site "Chess.com"]
[Date "2024.02.13"]
[Round "7"]
[White "DenizG123"]
[Black "GoValya"]
[Result "0-1"]
[WhiteElo "2110"]
[BlackElo "2274"]
[TimeControl "180+1"]
[EndTime "9:20:15 PST"]
[Termination "GoValya won by resignation"]

1. e4 e6 2. d4 d5 3. Nd2 c5 4. Ngf3 Nf6 5. e5 Nfd7 6. c3 Nc6 7. Bd3 f6 8. exf6 Nxf6 9. O-O cxd4 10. cxd4 Bd6 11. Re1 O-O 12. Nf1 Qc7 13. Bg5 Bd7 14.
Rc1 Bf4 15. Bxf4 Qxf4 16. Ng3 Kh8 17. Bb1 Rae8 18. Ne5 Nxe5 19. Rxe5 Ng4 20. Rh5 Qxf2+ 21. Kh1 Nf6 22. Rh4 e5 23. Rc2 Qe3 24. Re2 Qg5 25.
Rh3 Bxh3 26. gxh3 exd4 27. Rg2 Qf4 28. Nf5 Ne4 29. Nxg7 Nf2+ 30. Rxf2 Qxf2 31. Nxe8 Rxe8 32. Qd3 Re1+ 0-1

[Event "Early-Titled-Tuesday-Blitz-February-13-2024"]
[Site "Chess.com"]
[Date "2024.02.13"]
[Round "7"]
[White "MikeSailer"]
[Black "Kotofeyca"]
[Result "1-0"]
[WhiteElo "2196"]
[BlackElo "2402"]
[TimeControl "180+1"]
[EndTime "9:20:16 PST"]
[Termination "MikeSailer won on time"]

1. d4 d5 2. Nf3 c6 3. Bf4 Bg4 4. e3 Nd7 5. Be2 e6 6. h3 Bh5 7.
c4 Ngf6 8. Nc3 Be7 9. Qb3 b6 10.
O-O O-O 11. a4 Ne4 12. Rfd1 Ndf6 13. Qc2 a5 14. Nxe4 Nxe4 15. Ne5 Bxe2 16. Qxe2 Rc8 17. Rac1 Bd6 18. f3 Bxe5 19. Bxe5 Nd6 20. b3 Nf5 21. Rc2 Qg5 22. Bf4 Qg6 23. Rdc1 c5 24. cxd5 exd5 25. dxc5 bxc5 26. Rxc5 Rcd8 27. Rxa5 d4 28. e4 Nh4 29. Rg5 Qb6 30. Qd3 Ng6 31. Bc7 Qf6 32. Bxd8 Rxd8 33.
Rf5 Qd6 34. Rd5 1-0

[Event "Early-Titled-Tuesday-Blitz-February-13-2024"]
[Site "Chess.com"]
[Date "2024.02.13"]
[Round "7"]
[White "Kunalm64"]
[Black "LeoWin2012"]
[Result "1-0"]
[WhiteElo "2513"]
[BlackElo "2229"]
[TimeControl "180+1"]
[EndTime "9:20:16 PST"]
[Termination "Kunalm64 won by resignation"]

1. e4 e6 2. d4 d5 3. Nd2 c5 4. Ngf3 cxd4 5. Nxd4 Nf6 6. exd5 Nxd5 7. N2f3 Bb4+ 8. c3 Nxc3 9. Qb3 Qa5 10. bxc3 Bxc3+ 11. Bd2 Bxd2+ 12. Nxd2 Bd7 13. Bb5 O-O 14. Bxd7 Nxd7 15. Nf3 Nc5 16. Qe3 Rad8 17. O-O Rd3 18. Qe2 Rfd8 19.
Nb3 Nxb3 20. axb3 Qd5 21. Rxa7 Qxb3 22. h3 b5 23. Ne5 Rd2 24. Qh5 g6 25. Qh6 Rd1 26.
Rxf7 Rxf1+ 27. Kh2 Rh1+ 28. Kxh1 Qd1+ 29. Kh2 Qh1+ 30.
Kxh1 Rd1+ 31. Kh2 Rh1+ 32. Kxh1 1-0

[Event "Early-Titled-Tuesday-Blitz-February-13-2024"]
[Site "Chess.com"]
[Date "2024.02.13"]
[Round "7"]
[White "abelmat"]
[Black "LaPiToB"]
[Result "0-1"]
[WhiteElo "2082"]
[BlackElo "2312"]
[TimeControl "180+1"]
[EndTime "9:20:16 PST"]
[Termination "LaPiToB won by checkmate"]

1. c4 Nf6 2. Nc3 e5 3. Nf3 Nc6 4. g3 h6 5. Bg2 Bb4 6. Nd5 Bc5 7.
O-O O-O 8. Rb1 a5 9. a3 d6 10. b4 axb4 11. axb4 Ba7 12. b5 Na5 13. d3 Nxd5 14.
cxd5 f5 15. Bd2 Bb6 16. Nh4 Qe8 17. Qc1 Bd7 18. Qb2 g5 19. Nf3 f4 20. Bxa5 Rxa5 21.
Nd2 Rxb5 22. Qa2 Ra5 23. Qb2 fxg3 24. hxg3 Bg4 25. Nc4 Ra6 26. Qc2 Bc5 27. Rxb7 Qf7 28. Nxe5 Bxf2+ 29. Kh2 dxe5 30. d6 Qh5+ 31. Bh3 Qxh3# 0-1

[Event "Early-Titled-Tuesday-Blitz-February-13-2024"]
[Site "Chess.com"]
[Date "2024.02.13"]
[Round "7"]
[White "Rud_Makarian"]
[Black "Bauman_Guy"]
[Result "1-0"]
[WhiteElo "3040"]
[BlackElo "2882"]
[TimeControl "180+1"]
[EndTime "9:20:18 PST"]
[Termination "Rud_Makarian won by resignation"]

1. d4 Nf6 2. c4 e6 3. Nf3 d5 4.
Nc3 c5 5. cxd5 Nxd5 6. e4 Nxc3 7.
bxc3 cxd4 8. cxd4 Bb4+ 9. Bd2 Bxd2+ 10. Qxd2 O-O 11. Bc4 b6 12. O-O Bb7 13. Rfe1 Nd7 14. Rad1 Rc8 15. Bb3 h6 16. d5 Nc5 17. Ne5 Nxb3 18.
axb3 exd5 19. exd5 Qd6 20. Nc4 Qg6 21. Ne5 Qd6 22.
Nc4 Qg6 23. f3 Rcd8 24. d6 f6 25. Qf4 Rd7 26. Ne3 Qg5 27. Qc4+ Kh8 28. h4 Qg6 29. Qf4 Rfd8 30. Nf5 Qf7 31. Kh2 Qxb3 32. Nxh6 gxh6 33.
Qxf6+ Kg8 34. Re7 Rxe7 35. dxe7 1-0

[Event "Early-Titled-Tuesday-Blitz-February-13-2024"]
[Site "Chess.com"]
[Date "2024.02.13"]
[Round "7"]
[White "profedechess93"]
[Black "Arystanner"]
[Result "1-0"]
[WhiteElo "2642"]
[BlackElo "2802"]
[TimeControl "180+1"]
[EndTime "9:20:18 PST"]
[Termination "profedechess93 won by resignation"]

1. e4 c6 2. d4 d5 3. Nc3 dxe4 4. Nxe4 Bf5 5. Ng3 Bg6 6. h4 h6 7. h5 Bh7 8. Nf3 e6 9. Bd3 Bxd3 10. Qxd3 Nf6 11.
Bd2 Be7 12. O-O-O O-O 13. Qe2 a5 14. Nf1 a4 15. g4 Qd5 16. Kb1 Qe4 17. Qxe4 Nxe4 18.
Be3 a3 19. N1d2 Nxd2+ 20. Rxd2 axb2 21. g5 Kh7 22. Rg1 Nd7 23. Rd3 Ra3 24. Kxb2 Rxd3 25. cxd3 Ra8 26. g6+ fxg6 27. Rxg6 Nf8 28. Rg4 Bf6 29.
Ne5 Ra5 30. Re4 Bxe5 31. dxe5 Nd7 32. f4 g6 33. Rd4 Rd5 34. Rb4 b5 35. hxg6+ Kxg6 36. Kc3 h5 37. a4 Kf5 38. a5 Nb8 39. Rb1 Na6 40. Rg1 1-0

[Event "Early-Titled-Tuesday-Blitz-February-13-2024"]
[Site "Chess.com"]
[Date "2024.02.13"]
[Round "7"]
[White "campochess"]
[Black "Inepton_Fermion"]
[Result "0-1"]
[WhiteElo "2137"]
[BlackElo "2413"]
[TimeControl "180+1"]
[EndTime "9:20:18 PST"]
[Termination "Inepton_Fermion won by resignation"]

1. d4 g6 2. e4 Bg7 3. Nf3 c5 4. c3 d5 5. exd5 Qxd5 6. Na3 Bg4 7.
Nb5 Na6 8. Be2 Nh6 9. h3 Bd7 10.
Bxh6 Bxh6 11. dxc5 Qxc5 12. Qd4 Qxd4 13. Nbxd4 O-O 14.
Bxa6 bxa6 15. O-O Rab8 16. Rab1 Rfc8 17. Rfe1 Kf8 18. Nb3 a5 19. Nxa5 Bf5 20. Rbd1 Rxb2 21.
Rd4 Rxa2 22. Nb7 Rxc3 23. Ne5 Rcc2 24. Rf1 Bc8 25. Nd8 Ba6 26. Ng4 Bxf1 27. Nxh6 Rxf2 28. Nc6 Bxg2 29. Ng4 Rf1+ 30. Kh2 Bxc6+ 0-1

[Event "Early-Titled-Tuesday-Blitz-February-13-2024"]
[Site "Chess.com"]
[Date "2024.02.13"]
[Round "7"]
[White "dealshark"]
[Black "Let_it_be_1"]
[Result "0-1"]
[WhiteElo "2274"]
[BlackElo "2566"]
[TimeControl "180+1"]
[EndTime "9:20:19 PST"]
[Termination "Let_it_be_1 won by checkmate"]

1. Nf3 d5 2. e3 e6 3. c4 Nf6 4. Nc3 Be7 5. d4 O-O 6. cxd5 exd5 7. Bd3 c6 8. O-O Nbd7 9. Qc2 Re8 10. Ne5 Nf8 11.
Ne2 N6d7 12. f4 f6 13. Nf3 Nb6 14. Kh1 Be6 15. f5 Bf7 16. Nf4 Bd6 17. g4 Nc4 18. b3 Nxe3 19. Bxe3 Rxe3 20. Ng2 Re7 21. g5 Nd7 22. Rae1 Rxe1 23. Rxe1 fxg5 24. Qd2 h6 25. h4 Bg3 26. Rg1 g4 27. Nf4 Bxf4 28. Qxf4 gxf3 29. Qxh6 Qf6 30. Qf4 Re8 31. h5 Bxh5 32. Qh2 Qh6 33. f6 Nxf6 34. Bf5 f2 35. Rf1 Bf3# 0-1

[Event "Early-Titled-Tuesday-Blitz-February-13-2024"]
[Site "Chess.com"]
[Date "2024.02.13"]
[Round "7"]
[White "jaskol95"]
[Black "Matibar"]
[Result "0-1"]
[WhiteElo "2578"]
[BlackElo "2763"]
[TimeControl "180+1"]
[EndTime "9:20:21 PST"]
[Termination "Matibar won by resignation"]

1. e4 e6 2. Nf3 d5 3. e5 c5 4. b4 cxb4 5. a3 Nc6 6. axb4 Bxb4 7. c3 Be7 8. d4 f6 9. exf6 Nxf6 10. Bd3 O-O 11. O-O Bd6 12. Ba3 a6 13. Re1 Bxa3 14. Nxa3 Bd7 15. Qb1 Qc7 16. Ng5 h6 17. Nxe6 Bxe6 18.
Rxe6 Ng4 19. g3 Qf7 20. Re2 Nxf2 21. Bh7+ Kh8 22. Qf1 Nh3+ 23. Qxh3 Kxh7 24. Rae1 Qf3 25. Nb1 Rf6 26. Nd2 Qd3 27. Qh5 Rf5 28. Qh3 Raf8 29. Nf1 Qxc3 30. Ne3 Qxd4 31. Qg2 Re5 32. Kh1 Rfe8 33. Qf3 Qe4 34. Kg2 Qxf3+ 35. Kxf3 Nd4+ 36. Kf4 Nxe2+ 37. Rxe2 Re4+ 38. Kf5 Rxe3 0-1

[Event "Early-Titled-Tuesday-Blitz-February-13-2024"]
[Site "Chess.com"]
[Date "2024.02.13"]
[Round "7"]
[White "RandomNoob04"]
[Black "davigator"]
[Result "1-0"]
[WhiteElo "2595"]
[BlackElo "2313"]
[TimeControl "180+1"]
[EndTime "9:20:21 PST"]
[Termination "RandomNoob04 won by checkmate"]

1. e4 c5 2. d4 cxd4 3. c3 dxc3 4. Nxc3 e6 5. Nf3 Nc6 6. Bc4 Nf6 7. O-O a6 8. e5 Ng8 9. Ne4 Qc7 10.
Nd6+ Bxd6 11. exd6 Qb6 12. Be3 Qxb2 13. Rb1 Qf6 14.
Bg5 Qg6 15. h4 f6 16. Be3 Nh6 17. Bxe6 dxe6 18. d7+ Bxd7 19. Rxb7 Qf7 20. Bc5 e5 21. Qd2 Rb8 22. Rc7 Rc8 23. Rb7 Nd8 24. Ra7 Rxc5 25. Rd1 O-O 26. Rxd7 Qe6 27. Rxd8 Rc8 28. Rd7 Nf7 29.
Qa5 Rc2 30. Qb4 h5 31. Qe4 Rxa2 32. Qg6 Qg4 33. Qb1 Ra4 34. Qb3 Qc4 35. Qb7 Rb4 36. Qa7 a5 37. Re7 a4 38. Rc7 Qb5 39. Rdd7 Rb1+ 40. Kh2 Qb7 41. Rxb7 Rxb7 42. Rxb7 a3 43. Qxa3 Nh6 44. Qb3+ Kh8 45. Rc7 Nf5 46. Qd3 g6 47. Qd7 Rg8 48. Qh7# 1-0

[Event "Early-Titled-Tuesday-Blitz-February-13-2024"]
[Site "Chess.com"]
[Date "2024.02.13"]
[Round "7"]
[White "ploxoi"]
[Black "IMRosen"]
[Result "0-1"]
[WhiteElo "2440"]
[BlackElo "2665"]
[TimeControl "180+1"]
[EndTime "9:20:22 PST"]
[Termination "IMRosen won by resignation"]

1. d4 d5 2. c4 e6 3. Nf3 Nf6 4. g3 dxc4 5. Bg2 Bb4+ 6. Bd2 c5 7. Bxb4 cxb4 8. O-O O-O 9. Nbd2 b5 10. Ne5 Nd5 11. a4 bxa3 12. Rxa3 Bb7 13. e4 Nb4 14. h4 Qxd4 15. Nef3 Qxb2 16. Ra5 a6 17. Ng5 h6 18. Nh3 Rd8 19. Nxc4 Rxd1 20. Nxb2 Rxf1+ 21. Kxf1 N8c6 22. Ra1 Rd8 23. e5 Rd2 24. Nd1 Nc2 25.
Rc1 b4 26. Nf4 b3 27. Nb2 a5 28. Nfd3 a4 29. Nc5 a3 30. Nxb7 axb2 31. Rb1 Nxe5 32. Rxb2 Ne3+ 33. fxe3 Rxb2 34. Nc5 Rxg2 35. Nxb3 Rxg3 36.
Kf2 Rh3 37. Ke2 Rxh4 38. Nd4 Rxd4 39. exd4 0-1

[Event "Early-Titled-Tuesday-Blitz-February-13-2024"]
[Site "Chess.com"]
[Date "2024.02.13"]
[Round "7"]
[White "Conejoviejo67"]
[Black "FMCarmona"]
[Result "0-1"]
[WhiteElo "2446"]
[BlackElo "2264"]
[TimeControl "180+1"]
[EndTime "9:20:22 PST"]
[Termination "FMCarmona won by resignation"]

1. e4 e5 2. Nc3 Nc6 3. g3 Nf6 4. Bg2 Bc5 5. h3 a6 6. a4 d6 7. Nge2 h6 8. d3 g5 9. Be3 Be6 10. d4 exd4 11. Nxd4 Nxd4 12. Bxd4 Bxd4 13. Qxd4 O-O 14.
O-O Nh5 15. Rad1 Qf6 16. Qe3 Rfe8 17. f4 Bc4 18. Rf2 gxf4 19. gxf4 Kh7 20. b3 Be6 21. Rdf1 Rg8 22. f5 Bd7 23. Nd5 Qe5 24. Nf4 Rg3 25. Rf3 Rxf3 26. Rxf3 Nxf4 27. Rxf4 Rg8 28. Rh4 Qf6 29.
Qf4 Rg5 30. Rg4 Bc6 31. Rxg5 Qxg5 32. Qxg5 hxg5 33. Kf2 Kg7 34. Ke3 Kf6 35. Kd4 b6 36. Bf1 a5 37. Be2 Bb7 38. Bf3 c5+ 39. Ke3 Ke5 40.
Bg2 f6 41. c4 Bc6 42. Bf3 Be8 43. Bd1 Bf7 44. Bc2 Bh5 45. Bd3 Bd1 46. Kd2 Bxb3 47. Kc3 Bxa4 48. Be2 Bc6 49. Bd3 Bxe4 50. Be2 Bxf5 51. Bf1 Be6 52. Bg2 f5 53. Bf3 g4 54.
hxg4 fxg4 55. Bg2 Kf4 56. Kd3 Bf5+ 57. Kc3 Ke3 58. Bc6 g3 59. Kb3 Be4 60. Bxe4 Kxe4 61.
Kc3 g2 62. Kd2 g1=Q 63. Ke2 Qc1 64. Kf2 Qc3 65. Ke2 a4 66. Kf2 a3 0-1

[Event "Early-Titled-Tuesday-Blitz-February-13-2024"]
[Site "Chess.com"]
[Date "2024.02.13"]
[Round "7"]
[White "ValentinDragnev"]
[Black "Predator0608"]
[Result "1-0"]
[WhiteElo "2756"]
[BlackElo "2581"]
[TimeControl "180+1"]
[EndTime "9:20:23 PST"]
[Termination "ValentinDragnev won by resignation"]

1. e4 c5 2. Nf3 d6 3. d4 cxd4 4. Nxd4 Nf6 5. Nc3 a6 6. Bc4 e6 7. Bb3 Nbd7 8. f4 Nc5 9. O-O Nfxe4 10. Nxe4 Nxe4 11. f5 e5 12. Qh5 Qc7 13. Ne6 Qb6+ 14. Kh1 Bxe6 15. fxe6 O-O-O 16. Qf5 g6 17. Qxe4 f5 18.
Qc4+ Kb8 19. Bg5 Rc8 20. Qd5 h6 21. Bf6 Rh7 22. Rad1 Qc7 23. Rfe1 h5 24. Rxe5 h4 25. h3 g5 26. Rxf5 g4 27. hxg4 h3 28. g3 Ka8 29.
Kh2 Be7 30. g5 Qb6 31. Re1 Bxf6 32. gxf6 Rh5 33. e7 1-0

[Event "Early-Titled-Tuesday-Blitz-February-13-2024"]
[Site "Chess.com"]
[Date "2024.02.13"]
[Round "7"]
[White "inagreV"]
[Black "Herzog2012"]
[Result "1/2-1/2"]
[WhiteElo "2361"]
[BlackElo "2525"]
[TimeControl "180+1"]
[EndTime "9:20:23 PST"]
[Termination "Game drawn by repetition"]

1. e4 c5 2. Nf3 d6 3. d4 cxd4 4. Nxd4 Nf6 5. Nc3 Nc6 6. Bg5 e6 7. Qd3 Be7 8. O-O-O O-O 9. h4 Nxd4 10. Qxd4 Qa5 11.
Kb1 h6 12. Bd2 Qc5 13. Qd3 Ng4 14. Na4 Qc6 15. Qf3 Nxf2 16. Qxf2 Qxa4 17. Bd3 Bf6 18. Bxh6 Bxb2 19. Kxb2 Qb4+ 20. Kc1 gxh6 21. Qf6 Qa3+ 22. Kb1 Qb4+ 23. Kc1 Qa3+ 24. Kb1 e5 25. Rh3 Bxh3 26.
gxh3 Kh7 27. Rg1 Qb4+ 28. Kc1 Rg8 29. Qxf7+ Kh8 30. Qf6+ Kh7 31. Qf5+ Kh8 32. Qf6+ Kh7 33. Qf5+ Kh8 34. Qf6+ 1/2-1/2

[Event "Early-Titled-Tuesday-Blitz-February-13-2024"]
[Site "Chess.com"]
[Date "2024.02.13"]
[Round "7"]
[White "BogdanDeac"]
[Black "starworld123"]
[Result "1-0"]
[WhiteElo "3004"]
[BlackElo "2844"]
[TimeControl "180+1"]
[EndTime "9:20:25 PST"]
[Termination "BogdanDeac won on time"]

1. d4 Nf6 2. Nf3 e6 3. Bf4 d5 4. e3 c5 5. Nbd2 Nc6 6. c3 Bd6 7. Bg3 O-O 8. Bb5 Be7 9. Bd3 h6 10. Qe2 Nh5 11. Rd1 cxd4 12. exd4 Bd7 13. Nf1 a6 14. N3d2 Nxg3 15. hxg3 b5 16. a3 Rb8 17.
Nf3 a5 18. Qe3 Re8 19. N1d2 Bf6 20. Ne5 b4 21. axb4 axb4 22. c4 dxc4 23. Ndxc4 Ne7 24. Qe4 Nf5 25. g4 Nh4 26. Qh7+ Kf8 27. g3 1-0